AoeStats
← M@nqu!to

Arabia

506293388Analyzed
1v1 RM · 18d ago on Sep 13, 2026· 49m 3s· 2 players
Game mode
Random Map
Map size
Tiny (2 player)
Population
200
Speed
Normal
Resources
Standard
Victory
Conquest
Starting age
Dark Age
Ending age
Imperial Age
RankedLock teamsTeams togetherTeam positionsShared explorationLock speedFull tech treeHidden civsTurbo modeCheats
Victory
Defeat
🇨🇴 Mongols · Colombia
1311
+15
🇵🇪 Cumans · Peru
1290
-15
M@nqu!to
6:54 Loom
9:20 Feudal Age
17:30 Town Watch
18:32 Padded Archer Armor
20:14 Fletching
26:13 Castle Age
30:09 Scale Barding Armor
30:14 Forging
32:52 Squires
34:03 Bodkin Arrow
34:24 Leather Archer Armor
34:56 Chain Barding Armor
35:59 Bloodlines
37:19 Leather Archer Armor
37:13 Double-Bit Axe
46:29 Ballistics
Jors
6:13 Loom
8:20 Feudal Age
8:51 Man-at-Arms
13:44 Double-Bit Axe
15:06 Fletching
17:14 Padded Archer Armor
22:31 Castle Age
22:33 Scale Barding Armor
22:49 Forging
22:57 Bloodlines
30:23 Iron Casting
30:05 Town Watch
32:27 Chain Barding Armor
32:43 Bow Saw
36:57 Wheelbarrow
36:20 Horse Collar
36:31 Gold Mining
37:08 Devotion
37:53 Stone Mining
38:48 Husbandry
44:56 Imperial Age
43:01 Heavy Plow
43:46 Gold Shaft Mining
43:29 Bodkin Arrow
45:16 Ballistics
45:07 Masonry
45:13 Elite Mangudai
45:15 Heavy Camel Rider
46:29 Conscription
46:54 Bracer
47:10 Leather Archer Armor
47:23 Parthian Tactics
47:04 Thumb Ring
48:43 Chemistry
48:34 Hand Cart
49:53 Blast Furnace
Connection lost

Rejoining the realm…

Still unreachable

The connection could not be restored.

Session expired

The server has moved on; the page needs a fresh start.